[Event "EU-ch 12th"]
[Site "Aix les Bains"]
[Date "2011.03.25"]
[Round "4"]
[White "Alsina Leal, Daniel"]
[Black "Khairullin, Ildar"]
[Result "1/2-1/2"]
[ECO "B41"]
[WhiteElo "2538"]
[BlackElo "2634"]
[Annotator "Marchand,A/Primel,D"]
[PlyCount "82"]
[EventDate "2011.03.22"]
[EventType "swiss"]
[EventRounds "11"]
[EventCountry "FRA"]
[SourceTitle "CBM 142 Extra"]
[Source "ChessBase"]
[SourceDate "2011.06.27"]
[SourceVersion "1"]
[SourceVersionDate "2011.06.27"]
[SourceQuality "1"]
[TimeControl "40/5400+30:1800+30"]

1. e4 c5 2. Nf3 e6 3. d4 cxd4 4. Nxd4 a6 5. c4 Nf6 6. Nc3 Bb4 $1 (
6... Qc7 {L'alternative} 7. a3 {[%cal Gb2b4] Lles Blancs jouent le plus
souvent ce coup modeste pour empêcher le clouage Bb4 qui est trés pénible pour
les Blancs} (7. Be2 Bb4 $5 (7... b6 8. O-O Bb7 9. f3 d6 10. Be3 Nbd7 11. Rc1
Be7) 8. Qd3 (8. Nc2 Be7 $5 9. O-O d6 10. Be3 b6 11. f3 Nbd7 12. Qe1 Bb7 13. Qf2
) (8. f3 O-O 9. O-O d6 10. Kh1 Bxc3 11. bxc3 e5 12. Nc2 Be6 13. Ne3 Nc6 14. Qd3
Na5) (8. O-O O-O 9. f3) 8... b6 9. f4 d6 10. Bf3 Bb7 11. f5 Bxc3+ 12. bxc3 e5
13. Nb3 Nbd7 14. g4 h6 15. O-O O-O-O 16. Rb1 a5 {Sax,G (2576)-Fogarasi,T (2449)
HUN-chT 0102 2001 (4) 1/2} (16... Nc5 17. Nxc5 dxc5 18. Qe2 Rd6 $15 {Fogarasi})
) (7. Be3 Bb4 8. Qb3 $5 Bc5 9. Be2 O-O 10. O-O b6 11. Rac1 Bb7 $11) (7. Bd3 Nc6
8. Nxc6 dxc6)) 7. Bd2 {Une ligne secondaire} (7. Bd3 Nc6 $11 ) (7.
Qc2 $5 {Une variante trés compliquée} Nc6 (7... Qc7 8. a3 $1 Bxc3+ 9. Qxc3 Nxe4
10. Nb5 $40 {[%csl Re8,Rg7,Rh8][%cal Gc3g7];Ninov,N (2454)-Pikula,D (2480)
Lazarevac 28th 1999 (9) 1-0}) 8. Nxc6 dxc6 9. e5) 7... O-O (7... Qc7 8. Bd3 Nc6
9. Nxc6 dxc6 10. O-O) 8. e5 Ne8 (8... Bxc3 $142 9. Bxc3 Ne4 10. Qc2 Nxc3 (10...
d5) 11. Qxc3 d5 {[%emt 0:33:31] Dominguez Perez,L (2726)-Ivanchuk,V (2776)/
Capablanca Memorial Elite 46th (7)/ 1/2-1/2} (11... f6 $5 $32 12.
exf6 Qxf6 $36 )) 9. Bd3 $146 (9. Nc2 Be7 10. Bd3 Nc6 11. Qe2 Qc7 $1 12. f4 f6 {[%emt 0:32:37] Stoliar,E-Tal, M/URS-ch24
Moscow (14)/1/2-1/2} (12... d6 13. exd6 Nxd6 $11)) (9. Qg4 d6
$11) 9... d6 $1 {[%csl Rd3,Rd4][%cal Gd8d4] Les Blancs seront contraints
d'échanger le P"e5" et d'abandonner le centre} 10. Nc2 (
10. Qc2 $5 dxe5 (10... h6 11. exd6 (11. Nf3 Nc6 12. O-O) 11... e5 12. Nf3 Nc6
13. O-O Bg4 14. Bh7+ Kh8 15. Be4 Bxd6 16. h3 Bxf3 17. Bxf3 Nd4 18. Qd3 f5 $11)
11. Bxh7+ Kh8 12. Nf3 Nc6 13. Ng5 Nd4 14. Qd3 ) 10... Nc6 $1 (10... Bc5) (10... Ba5 11. exd6 Nxd6 12. O-O Nc6
13. Qe2 e5 14. Rad1 Be6 $132) 11. Nxb4
Nxb4 12. Bf4 (12. Be4 dxe5 13. O-O Nf6 14. Bg5 Qxd1 15. Raxd1
Nxe4 16. Nxe4 f6 17. Bd2 Nc6 18. Bc3 $44 ) 12... Qa5 $1 $132 13. exd6 (13. O-O dxe5 14. Bg3 Nxd3 15.
Qxd3 f6 16. f4 (16. Rad1 b5 ) 16... exf4 17. Rxf4 e5 18. Rh4 g6
19. Nd5 Ng7 (19... Bf5 20. Ne7+) 20. Bf2 Nf5 21. Rh3 (21. Bb6
Qa4 22. b3)) 13... e5 $1 {[%csl Gc8] Un gain de temps important car après la
chute du Pe5, les Noirs auront le centre.} 14. Be3 Nxd6 15. O-O Bf5 (15... Rd8
$1 16. Qe2 (16. Nd5 Nxd5 17. cxd5 Bf5 18. Be2 (18. Bxf5 Nxf5)
18... Be4 $36) 16... Nxd3 17. Qxd3 Bf5 $15) 16. Bxf5 Nxf5 17. Nd5 Nxd5 18. Qxd5
Qxd5 19. cxd5 Rfd8 (19... Rac8) 20. Rfd1 Rac8 21. Rd2 (21. Rac1 Rxc1) (21. Bb6)
21... f6 $1 {[%csl Rd5][%cal Gg8f7,Gf7e7,Ge7d6] La finale est difficile pour
les Blancs} 22. Rad1 h5 $1 (22... Nd6 )
23. b4 Nd6 $1 24. f3 Nc4 (
24... Kf7 $17) 25. Re2 Rd7 26. Rc2 b5 $17 {[%csl Gc4,Rd5] Malgré les P sur les
deux ailes et le centre ouvert, le N domine le B} 27. a4 Rcd8 28. Bc5 Rxd5 29.
Rxd5 Rxd5 30. axb5 axb5 31. Ra2 f5 (31... Rd7 32. Ra8+ Kh7 33.
Rb8 Na3 34. Ra8 Nb1 35. Ra1 Nc3 ) (
31... Kh7 ) (31... Rd8 32. Ra7 ) 32. Ra8+ Kh7 33.
Rb8 e4 34. fxe4 (34. Re8 exf3) 34... fxe4 35. Rxb5 (35. Re8 Re5) 35... e3 36. Kf1 Rd1+ 37. Ke2 Rd2+ 38. Kf3 Rf2+ 39. Kg3 $2
h4+ $4 {Rate le gain} (39... Rf5 $8 40. Rb7 e2 $19 41. Re7 Ne5) 40. Kxh4 Rxg2 41. Rb7 Rxh2+ {Le coup
réellement joué et la variante principale Rf2 qui a été sauvegardée doit
provenir du plateau DGT} (41... Rf2 42. Rb5 Rf5 43. Rb7 e2 44. Rb8 Ne5 45. Re8
Nd3 46. Bf2 {la partie donnée par TWIC!}) 1/2-1/2